 Dungeon Crawl Stone Soup version 0.27-a0-1325-g58a489ad9e (webtiles) character file.

Game seed: 4968851091512025262

76 knot the Chopper (level 4, 52/52 HPs)
             Began as a Demonspawn Berserker on Apr 25, 2021.
             Was a Believer of Trog.
             Quit the game on level 2 of the Dungeon on June 24, 2021.
             The game lasted 00:02:39 (1150 turns).

knot the Chopper (Demonspawn Berserker)             Turns: 1150, Time: 00:02:40

Health: 52/52      AC:  6    Str: 18    XL:     4   Next: 12%
Magic:  4/4        EV: 10    Int:  9    God:    Trog [**....]
Gold:   33         SH:  0    Dex: 12    Spells: 3/3 levels left

rFire    . . .     SeeInvis .   a - +0 hand axe
rCold    . . .     Faith    .   (no shield)
rNeg     . . .     Spirit   .   f - +0 scale mail
rPois    .         Reflect  .   (no helmet)
rElec    .         Harm     .   (no cloak)
rCorr    .         Rampage  .   (no gloves)
Will     .....                  (no boots)
Stlth    ..........             (no amulet)
HPRegen  0.17/turn              (no ring)
MPRegen  0.18/turn              (no ring)

@: berserking, very quick
A: spiny 1, magic regeneration
a: Renounce Religion, Berserk, Trog's Hand


You were on level 2 of the Dungeon.
You worshipped Trog.
Trog was pleased with you.
You visited 1 branch of the dungeon, and saw 2 of its levels.

You collected 33 gold pieces.

Inventory:

Hand Weapons
 a - a +0 hand axe (weapon)
Missiles
 h - 27 stones
Armour
 f - a +0 scale mail (worn)
Scrolls
 c - 4 scrolls of identify {unknown}
 d - a scroll of holy word {unknown}
Potions
 b - a potion of lignification {unknown}
 e - a potion of mutation {unknown}
 g - a potion of haste {unknown}


   Skills:
 - Level 3.0 Fighting
 + Level 4.5 Axes
 - Level 1.7 Armour
 - Level 1.7 Dodging


You had 3 spell levels left.
You didn't know any spells.
Your spell library contained the following spells:

 Spells                   Type           Power      Damage    Failure   Level
 Animate Skeleton         Necr           0%         N/A       78%         1
 Pain                     Necr           0%         1d4       78%         1
 Vampiric Draining        Necr           0%         2d6       98%         3
 Animate Dead             Necr           0%         N/A       100%        4
 Agony                    Necr           0%         N/A       100%        5


Dungeon Overview and Level Annotations

Branches:
Dungeon (2/15)

Altars:


Innate Abilities, Weirdness & Mutations

You are partially covered in sharp spines.
You regenerate magic rapidly.


Message History

No target in view!
You see here a +0 helmet.
A rat comes into view.
You see here 27 stones.
A rat is nearby!
The rat closely misses you.
You hit the rat.
The rat is moderately wounded.
The rat bites you but does no damage.
You hit the rat but do no damage.
The rat is moderately wounded.
The rat bites you.
You closely miss the rat.
The rat is moderately wounded.
The rat barely misses you.
You hit the rat but do no damage.
The rat is moderately wounded.
The rat bites you but does no damage.
You barely miss the rat.
The rat is moderately wounded.
The rat closely misses you.
You hit the rat.
You kill the rat!
Trog accepts your kill.
No target in view!
h - 27 stones An adder comes into view.
The adder moves out of view.
An adder is nearby!
The adder barely misses you.
A red film seems to cover your vision as you go berserk!
You feel yourself moving faster!
You feel mighty! The adder closely misses you.
The adder bites you but does no damage.
You slash the adder!
You kill the adder!
Trog accepts your kill.
You have reached level 4!
You feel stronger.
Your demonic ancestry asserts itself...
Sharp spines emerge from parts of your body.
Are you sure you want to abandon this character and quit the game? (Confirm with "yes".)

#..............
##.#.#.##.###.##.
...#............
##.#.#.#.##.#.# .
#..(#.†......##.
#.#...[..#.#... .
...#.#......#.##.......
.##........#...##......
. ##.#.##.#@#.#.##.....
....^.......#.......
.##.###.##.#.#.##...
..............##..#
####.###.##.#.##..#
###.###.##.#.##..#
.................#
###########......#
########


There were no monsters in sight!

Vanquished Creatures
  2 adders (D:2)
  A gnoll (D:2)
  2 dart slugs
  7 bats
  3 endoplasms
  2 giant cockroaches (D:1)
  2 hobgoblins (D:1)
  8 jackals
  2 ball pythons
  2 frilled lizards
  3 goblins (D:1)
  5 kobolds
  2 rats
41 creatures vanquished.

Notes
Turn   | Place    | Note
-------+----------+-------------------------------------------
     0 | D:1      | knot the Demonspawn Berserker began the quest for the Orb.
     0 | D:1      | Reached XP level 1. HP: 18/18 MP: 1/1
    18 | D:1      | Upgraded the game from 0.27-a0-1081-ge8a0a9c698 to
                  | 0.27-a0-1325-g58a489ad9e
    93 | D:1      | Reached skill level 3 in Axes
   123 | D:1      | Gained mutation: You regenerate magic rapidly. [demonic
                  | ancestry]
   123 | D:1      | Reached XP level 2. HP: 21/24 MP: 2/2
   194 | D:1      | Found a faded altar of an unknown god.
   570 | D:1      | Reached ** piety under Trog
   615 | D:1      | Reached XP level 3. HP: 29/29 MP: 3/3
   689 | D:2      | Reached skill level 4 in Axes
  1150 | D:2      | Gained mutation: You are partially covered in sharp spines.
                  | [demonic ancestry]
  1150 | D:2      | Reached XP level 4. HP: 35/35 MP: 4/4
  1150 | D:2      | Quit the game

Illustrated notes

Levels and vault maps discovered:
D:1:      moated_graveyard_arrival, layout_rooms, ebering_ecumenical_altar_webs,
          minmay_misc_feat_tiny
D:2:      minmay_inner_zag, layout_basic, serial_shops, shop,
          minmay_diced_spiral, uniq_robin

Skill      XL: |  1  2  3 |
---------------+----------+-----
Axes           | 3 4 |  4.5
Fighting       | |  3.0
Armour         | |  1.7
Dodging        | |  1.7

Action                   |  1- 3 |  4- 6 || total
-------------------------+-------+-------++-------
Melee: Hand axe          |   112 |       ||   112
Invok: Berserk           |     4 |       ||     4
Armor: Leather armour    |     2 |       ||     2
       Animal skin       |     1 |       ||     1
       Scale mail        |    69 |       ||    69
Dodge: Dodged            |    87 |       ||    87

Table legend: (Time is in decaauts)
 A = Elapsed time spent in this place.
 B = Non-inter-level travel time spent in this place.
 C = Inter-level travel time spent in this place.
 D = Time resting spent in this place.
 E = Time spent auto-exploring this place.
 F = Levels seen in this place.
 G = Mean time per level.
                   A        B        C        D        E       F      G
               +--------+--------+--------+--------+--------+-----+--------+
         Total |   1190 |   1155 |     35 |    423 |    467 |   2 |  595.0 |
       Dungeon |   1190 |   1155 |     35 |    423 |    467 |   2 |  595.0 |
               +--------+--------+--------+--------+--------+-----+--------+

Top non-repeatable levels by time:
     D:1: 674 daAuts
     D:2: 516 daAuts
